 Dungeon Crawl Stone Soup version 0.29.1-12-g30fa7ad0bf (webtiles) character file.

Game seed: 10382788343632920512

5 concernfroge the Trooper (level 1, -3/18 HPs)
             Began as a Mummy Monk on Dec 18, 2022.
             Slain by a kobold
             ... wielding a +0 dagger of venom
              (4 damage)
             ... on level 1 of the Dungeon.
             The game lasted 00:00:50 (288 turns).

concernfroge the Trooper (Mummy Monk)                Turns: 288, Time: 00:00:51

Health: -3/18      AC:  2    Str: 14    XL:     1   Next: 66%
Magic:  1/1        EV: 12    Int:  9    God:
Gold:   5          SH:  0    Dex: 14    Spells: 0/0 levels left

rFire   x . .      SeeInvis .   a - +0 spear
rCold   + . .      Faith    .   (no shield)
rNeg    + + +      Spirit   .   b - +0 robe
rPois   ∞          Reflect  .   (no helmet)
rElec   .          Harm     .   (no cloak)
rCorr   .          Rampage  .   (no gloves)
Will    .....                   (no boots)
Stlth   ++........              (no amulet)
HPRegen 0.06/turn               (no ring)
MPRegen 0.07/turn               (no ring)

@: no status effects
A: cold resistance 1, negative energy resistance 3, torment resistance 2, heat
vulnerability 1, no potions
a: no special abilities


You were on level 1 of the Dungeon.
You visited 1 branch of the dungeon, and saw 1 of its levels.

You collected 5 gold pieces.

Inventory:

Hand Weapons
 a - a +0 spear (weapon)
Missiles
 c - 2 stones (quivered)
Armour
 b - a +0 robe (worn)


   Skills:
 + Level 3.4 Fighting
 - Level 2.4 Polearms
 - Level 2.4 Dodging
 - Level 1.5 Stealth


You couldn't memorise any spells.
You didn't know any spells.
Your spell library was empty.

Dungeon Overview and Level Annotations

Branches:
Dungeon (1/15)

Altars:


Innate Abilities, Weirdness & Mutations

You are immune to poison.
Your flesh is cold resistant. (rC+)
You are immune to negative energy. (rN+++)
You are immune to unholy pain and torment.
You are vulnerable to heat. (rF-)
You do not drink.


Message History

Found 7 gold pieces.
Found a cloak.
The kobold throws a stone.
The stone hits you.
A frilled lizard comes into view.
The endoplasm quivers.
You closely miss the kobold.
The kobold hits you with a +0 dagger of venom.
You miss the kobold. You punch the kobold, but do no damage.
The kobold hits you with a +0 dagger of venom.
You hit the kobold but do no damage. The kobold barely misses you.
You closely miss the kobold. The kobold barely misses you.
The frilled lizard bites you but does no damage.
You hit the frilled lizard but do no damage.
The kobold hits you but does no damage. The frilled lizard bites you.
You hit the frilled lizard but do no damage.
The kobold barely misses you. The frilled lizard closely misses you.
You closely miss the frilled lizard.
The kobold hits you with a +0 dagger of venom.
The frilled lizard barely misses you.
You hit the frilled lizard.
The frilled lizard is heavily wounded.
The kobold hits you with a +0 dagger of venom.
The frilled lizard misses you.
You closely miss the frilled lizard.
The frilled lizard is heavily wounded.
The kobold barely misses you. The frilled lizard barely misses you.
You miss the frilled lizard.
The frilled lizard is heavily wounded.
The kobold hits you with a +0 dagger of venom.
* * * LOW HITPOINT WARNING * * *
The frilled lizard bites you.
* * * LOW HITPOINT WARNING * * *
You hit the frilled lizard.
You kill the frilled lizard!
The kobold hits you with a +0 dagger of venom.
* * * LOW HITPOINT WARNING * * *
As you read the scroll labelled WAEGGODETSI, it crumbles to dust.
You feel a surge of unholy energy.
The hobgoblin convulses!
The endoplasm convulses!
It was a scroll of torment.
The kobold hits you with a +0 dagger of venom.
You die...

... #..
....##....[
.........$
..........
#....... #.......
.
.##......#####....
........gK@.......
........J#####....
.........# .
.........#
.......#.##
.......#..#
.......##.##
.......
#..########
.......
##..##....#


You could see an endoplasm, a hobgoblin and a kobold.

Vanquished Creatures
  A kobold (D:1)
  3 ball pythons (D:1)
  A bat (D:1)
  A frilled lizard (D:1)
  A rat (D:1)
7 creatures vanquished.

Notes
Turn   | Place    | Note
-------+----------+-------------------------------------------
     0 | D:1      | concernfroge the Mummy Monk began the quest for the Orb.
     0 | D:1      | Reached XP level 1. HP: 18/18 MP: 1/1
   288 | D:1      | Slain by a kobold

Illustrated notes

Levels and vault maps discovered:
D:1:      dpeg_arrival_shrine, layout_basic

Action                   || total
-------------------------++-------
Melee: Spear             ||    33
       Punch             ||     1
Throw: Stone             ||     3
  Use: Scroll            ||     1
Armor: Robe              ||     6
Dodge: Dodged            ||    25
